 Dungeon Crawl Stone Soup version 0.18-a0-1273-g8ec5f8e (webtiles) character file.

181 M4edhros the Sneak (level 5, -5/33 HPs)
             Began as an Octopode Artificer on Feb 8, 2016.
             Slain by an ogre
             ... wielding a +0 giant club
              (26 damage)
             ... on level 5 of the Dungeon.
             The game lasted 00:03:32 (1648 turns).

M4edhros the Sneak (Octopode Artificer)             Turns: 1648, Time: 00:03:32

Health: -5/33      AC:  1    Str: 10    XL:     5   Next: 61%
Magic:  8/8        EV: 13    Int: 15    God:
Gold:   215        SH:  0    Dex: 13    Spells: 0 memorised, 4 levels left

rFire  . . .     SeeInvis +     a - +0 short sword
rCold  . . .     Gourm    +     (no shield)
rNeg   . . .     Faith    .     (helmet restricted)
rPois  .         Spirit   .     k - amulet of the gourmand
rElec  .         Dismiss  .     o - ring of sustain attributes
rCorr  .         Reflect  .     B - ring of see invisible
SustAt +         Harm     .     (no ring)
MR     .....                    (no ring)
Stlth  ++++......               (no ring)
                                (no ring)
                                (no ring)
                                (no ring)

@: not resistant to hostile enchantments, stealthy
A: almost no armour, amphibious, 8 rings, constrict 8, camouflage 1, gelatinous
body 1
a: no special abilities


You were on level 5 of the Dungeon.
You were very hungry.

You visited 1 branch of the dungeon, and saw 5 of its levels.

You collected 215 gold pieces.

Inventory:

Hand Weapons
 a - a +0 short sword (weapon)
Missiles
 u - 24 stones (quivered)
 z - 25 sling bullets
Jewellery
 k - an amulet of the gourmand (around mantle)
 m - an uncursed amulet of magic regeneration
 o - a ring of sustain attributes (left tentacle)
 B - a ring of see invisible (right tentacle)
Wands
 b - a wand of flame (12/48)
 c - a wand of enslavement (15/24)
 d - a wand of random effects (15/48)
 A - a wand of lightning (8/15)
Scrolls
 g - a scroll of magic mapping {unknown}
 h - a scroll of random uselessness {unknown}
 j - a scroll of teleportation {unknown}
 l - 3 scrolls of identify {unknown}
 r - a scroll of fear {unknown}
 v - a scroll of enchant weapon {unknown}
 w - a scroll of remove curse {unknown}
Potions
 e - 2 potions of curing {unknown}
 i - a potion of degeneration {unknown}
 n - 3 potions of haste {unknown}
 p - 2 potions of mutation {unknown}
 q - a potion of resistance {unknown}
 t - a potion of might {unknown}
Books
 x - Sif Muna's Disquisition on Stolen Souls
   (You found it on level 3 of the Dungeon)

   Spells                             Type                      Level
   a - Animate Skeleton               Necromancy                   1
 y - a book of Cantrips

   Spells                             Type                      Level
   a - Corona                         Hexes                        1
   b - Animate Skeleton               Necromancy                   1
   c - Summon Small Mammal            Summoning                    1
   d - Apportation                    Translocation                1
Comestibles
 f - 2 bread rations
 s - a beef jerky


   Skills:
 - Level 1.0 Fighting
 - Level 1.0 Short Blades
 * Level 3.9 Dodging
 * Level 4.5 Stealth
 + Level 4.3 Evocations


You had 4 spell levels left.
You didn't know any spells.

Dungeon Overview and Level Annotations

Branches:
Dungeon (5/15)
 Temple: D:4-7

Altars:
Ashenzari
Sif Muna
Yredelemnul


Innate Abilities, Weirdness & Mutations

You cannot wear most types of armour.
You are amphibious.
You can wear up to eight rings at the same time.
You can use your tentacles to constrict eight enemies at once.
Your skin changes colour to match your surroundings (Stealth).
Your rubbery body absorbs attacks (AC +1).


Message History

You constrict the crimson imp. The crimson imp hits you.
You hit the crimson imp but do no damage.
The crimson imp is heavily wounded.
You constrict the crimson imp. The crimson imp closely misses you.
A crimson imp is nearby!
You hit the crimson imp.
You kill the crimson imp!
q - a smoky yellow potion No target in view!
You now have 215 gold pieces (gained 10).
An ogre comes into view. It is wielding a giant club.
The ogre shouts!
Found 11 gold pieces.
An ogre is nearby!
An ogre is nearby!
The ogre barely misses you.
An ogre is nearby!
You barely miss the ogre. The ogre hits you with a giant club!!
Ouch! That really hurt!
You die...

#...##. #...##.#
#...##.# #####+##
#...##.# #......#
#...##.# #.$....###
#...##.# #.........
#...##.########......###
....+...........@O......
....##.#################
....##.# ######.# ###
#.# ..# #.# ..####.#
#......# ######.#


You could see an ogre.

Vanquished Creatures
  A centaur zombie (D:5)
  A crimson imp (D:5)
  2 orc wizards (D:3)
  An adder (D:2)
  2 oozes
  An adder zombie (D:5)
  An adder skeleton (D:4)
  A giant gecko (D:4)
  3 bats
  4 giant cockroaches
  5 hobgoblins
  A kobold (D:1)
  5 quokkas
  3 giant newts
  2 goblins (D:2)
  6 rats
39 creatures vanquished.

Notes
Turn   | Place    | Note
--------------------------------------------------------------
     0 | D:1      | M4edhros the Octopode Artificer began the quest for the Orb.
     0 | D:1      | Reached XP level 1. HP: 13/13 MP: 3/3
   234 | D:1      | Reached XP level 2. HP: 18/18 MP: 4/4
   535 | D:2      | Found a shattered altar of Ashenzari.
   581 | D:2      | Reached XP level 3. HP: 19/23 MP: 5/5
   592 | D:2      | Found a faded altar to an unknown god.
   882 | D:3      | Found a deep blue altar of Sif Muna.
   898 | D:3      | Reached XP level 4. HP: 14/28 MP: 6/6
   899 | D:3      | Reached skill level 4 in Evocations
   912 | D:3      | Identified Sif Muna's Disquisition on Stolen Souls
  1302 | D:5      | Entered Level 5 of the Dungeon
  1320 | D:5      | Reached XP level 5. HP: 14/33 MP: 8/8
  1524 | D:5      | Found a basalt altar of Yredelemnul.
  1644 | D:5      | Noticed an ogre
  1648 | D:5      | Slain by an ogre

Vault maps used:
D:1:      dpeg_arrival_prison, serial_glass, glass_columns_a, glass_columns_a,
          due_unseen_surprise, feat_on_display, item_on_display_a,
          item_on_display_a, minmay_misc_feat_four_crosses
D:2:      ecumenical_altar_1, first_bread, grunt_decor_clamped,
          ashenzari_altar_1
D:3:      nicolae_overflow_hidden_temple, led_sif_book, guppyfry_early_orc_mine,
          uniq_natasha
D:4:      lemuel_doored_altar, st_stairs_3, uniq_crazy_yiuf_cottage
D:5:      overflow_temple_1_default, lemuel_crystal_altar,
          minmay_temple_entry_trees, serial_shops, shop, st_stairs_6

Action                   |  1- 3 |  4- 6 || total
-------------------------+-------+-------++-------
Melee: Short sword       |    53 |    33 ||    86
Evoke: Wand              |     2 |     1 ||     3
 Stab: Sleeping          |     8 |     6 ||    14
  Eat: Chunk             |       |     1 ||     1
